 Dungeon Crawl Stone Soup version 0.17-a0-18-gc25b939 (webtiles) character file.

305 Antondotnet the Magician (level 6, 0/39 HPs)
             Began as an Octopode Wizard on Mar 12, 2015.
             Splashed by a jelly's acid (12 damage)
             ... on level 5 of the Dungeon.
             The game lasted 00:11:04 (3508 turns).

Antondotnet the Magician (Octopode Wizard)          Turns: 3508, Time: 00:11:04

Health: 0/39       AC: -1    Str:  6    XL:     6   Next: 39%
Magic:  17/17      EV: 12    Int: 22    God:
Gold:   140        SH:  0    Dex: 11    Spells: 6 memorised, 3 levels left

rFire  . . .     SeeInvis .     a - +0 short sword
rCold  . . .     Clarity  .     (no shield)
rNeg   . . .     SustAb   .     b - +0 hat
rPois  .         Gourm    .     (no amulet)
rElec  .         Spirit   .     h - +3 ring of protection
rCorr  .         Warding  .     (no ring)
rMut   .         Stasis   .     (no ring)
MR     .....                    (no ring)
Stlth  ++++......               (no ring)
                                (no ring)
                                (no ring)
                                (no ring)

@: corroded equipment, not resistant to hostile enchantments, stealthy
A: almost no armour, amphibious, 8 rings, constrict 8, camouflage 1, gelatinous
body 1
a: no special abilities


You were on level 5 of the Dungeon.
You were not hungry.

You visited 1 branch of the dungeon, and saw 5 of its levels.

You collected 140 gold pieces.

Inventory:

Hand weapons
 a - a +0 short sword (weapon)
Armour
 b - a +0 hat (worn)
Jewellery
 h - a +3 ring of protection (left tentacle)
Magical devices
 j - a wand of confusion (19)
Scrolls
 e - 6 scrolls of identify {unknown}
 f - 3 scrolls of fear {unknown}
 g - a scroll of teleportation {unknown}
 m - a scroll of enchant weapon {unknown}
 p - a scroll of noise {unknown}
 r - a scroll of random uselessness {unknown}
 v - a scroll of recharging {unknown}
Potions
 i - a potion of might {unknown}
 k - a potion of ambrosia {unknown}
 l - a potion of poison {unknown}
 n - a potion of magic {unknown}
 o - 3 potions of curing {unknown}
 q - a potion of haste {unknown}
 s - a potion of restore abilities {unknown}
 t - 2 potions of agility {unknown}
 u - a potion of brilliance {unknown}
 w - 2 potions of invisibility {unknown}
 x - a potion of heal wounds {unknown}
Books
 c - a book of Minor Magic

   Spells                             Type                      Level
   a - Magic Dart                     Conjuration                  1
   b - Blink                          Translocation                2
   c - Call Imp                       Summoning                    2
   d - Repel Missiles                 Charms/Air                   2
   e - Slow                           Hexes                        2
   f - Conjure Flame                  Conjuration/Fire             3
   g - Mephitic Cloud                 Conjuration/Poison/Air       3
Comestibles
 d - 2 bread rations


   Skills:
 - Level 2.0 Fighting
 - Level 2.2 Short Blades
 - Level 2.0 Dodging
 + Level 3.8 Stealth
 - Level 5.1 Spellcasting
 - Level 2.0 Conjurations
 - Level 1.0 Summonings
 - Level 1.0 Translocations


You had 3 spell levels left.
You knew the following spells:

 Your Spells              Type           Power        Failure   Level  Hunger
a - Magic Dart            Conj           ##..         6%          1    None
b - Blink                 Tloc           N/A          12%         2    None
c - Slow                  Hex            #.......     17%         2    None
d - Conjure Flame         Conj/Fire      ##......     21%         3    ##.....
f - Repel Missiles        Chrm/Air       #.....       17%         2    None
x - Call Imp              Summ           ##......     12%         2    None


Dungeon Overview and Level Annotations

Branches:
Dungeon (5/15)
 Temple: D:4-7

Altars:


Innate Abilities, Weirdness & Mutations

You cannot wear most types of armour.
You are amphibious.
You can wear up to eight rings at the same time.
You can use your tentacles to constrict many enemies at once.
Your skin changes colour to match your surroundings (Stealth).
Your rubbery body absorbs attacks (AC +1).


Message History

Found a dagger.
The helpless rat fails to defend itself.
You puncture the rat!
You kill the rat!
The helpless jelly fails to defend itself.
You puncture the jelly!
The jelly is almost dead.
You hear a slurping noise.
The jelly misses you.
You hit the jelly.
The jelly is severely wounded.
The jelly closely misses you.
You hit the jelly.
The jelly is almost dead.
The jelly hits you.
You are splashed with acid!
The acid burns!
You hit the jelly.
The jelly is almost dead.
The jelly hits you.
You are splashed with acid!
The acid corrodes your equipment!
The acid burns!
You die...

#............# #.#.#
...##....##.## #.#.#
##.###.#.##.####.#.# #
#.# #.#.##........#..#
##.###.#.#######......#
##...<.....# #.###..#
######.....# #.# # #
#......# #.# # #......#
#@# # #......# #J# ##
#.###### #.# .# ##.#
#.# .###..####### #.#
.##.........# #.#
.##..######.# #.#
.##..# #.# .##..# #.#


You could see a jelly.

Vanquished Creatures
  A giant frog (D:4)
  A scorpion (D:5)
  A centaur skeleton (D:5)
  4 adders
  A shadow imp (D:3)
  2 worms
  A giant gecko (D:2)
  An ooze (D:3)
  18 bats
  3 giant cockroaches
  5 hobgoblins
  3 jackals (D:5)
  14 kobolds
  4 giant newts
  8 goblins
  A quokka skeleton (D:4)
  7 rats
75 creatures vanquished.

Vanquished Creatures (collateral kills)
  A gnoll shaman (D:5)
  4 gnolls (D:5)
  A worm (D:3)
  6 bats (D:2)
  A rat (D:5)
13 creatures vanquished.

Vanquished Creatures (others)
  An iron imp (D:5)
  A white imp (D:5)
2 creatures vanquished.

Grand Total: 90 creatures vanquished

Notes
Turn   | Place    | Note
--------------------------------------------------------------
     0 | D:1      | Antondotnet, the Octopode Wizard, began the quest for the Orb.
     0 | D:1      | Reached XP level 1. HP: 11/11 MP: 4/4
     0 | D:1      | Noticed a tentacled monstrosity
     0 | D:1      | Noticed an ice dragon
     0 | D:1      | Noticed an ice dragon
     3 | D:1      | Noticed a yellow draconian
     6 | D:1      | Noticed a shadow dragon
     7 | D:1      | Noticed a tentacled monstrosity
     8 | D:1      | Noticed an iron dragon
    10 | D:1      | Noticed a tentacled monstrosity
    10 | D:1      | Noticed a tentacled monstrosity
    12 | D:1      | Noticed a shadow dragon
    12 | D:1      | Noticed a large abomination
    14 | D:1      | Noticed an orb of fire
    16 | D:1      | Noticed an iron dragon
    16 | D:1      | Noticed an ice dragon
    16 | D:1      | Noticed a red draconian
    18 | D:1      | Noticed a tentacled monstrosity
    19 | D:1      | Noticed a shadow dragon
   117 | D:1      | Reached XP level 2. HP: 15/17 MP: 6/6
   286 | D:1      | Reached skill level 1 in Short Blades
   642 | D:2      | Reached skill level 1 in Fighting
   642 | D:2      | Reached XP level 3. HP: 19/23 MP: 7/7
   971 | D:2      | Learned a level 2 spell: Blink
   974 | D:2      | Learned a level 2 spell: Call Imp
   978 | D:2      | Learned a level 3 spell: Conjure Flame
  1160 | D:2      | Reached XP level 4. HP: 22/29 MP: 9/9
  2951 | D:4      | Noticed a giant frog
  2956 | D:4      | Killed a giant frog
  2956 | D:4      | Reached skill level 4 in Spellcasting
  2956 | D:4      | Reached XP level 5. HP: 14/34 MP: 11/13
  2960 | D:4      | Learned a level 2 spell: Repel Missiles
  2963 | D:4      | Learned a level 2 spell: Slow
  3289 | D:5      | Entered Level 5 of the Dungeon
  3372 | D:5      | Reached XP level 6. HP: 24/39 MP: 11/16
  3446 | D:5      | Reached skill level 5 in Spellcasting
  3508 | D:5      | Splashed by a jelly's acid

Action                   |  1- 3 |  4- 6 || total
-------------------------+-------+-------++-------
Melee: Short sword       |    88 |    94 ||   182
 Cast: Magic Dart        |     5 |     5 ||    10
       Call Imp          |     3 |    12 ||    15
       Blink             |       |     2 ||     2
       Repel Missiles    |       |     1 ||     1
  Use: Potion            |     1 |       ||     1
 Stab: Sleeping          |     8 |    11 ||    19
  Eat: Bread ration      |       |     2 ||     2
       Fruit             |       |     3 ||     3
